cohdb
Replays
Latest Replays
All Replays
Popular Replays
Top Player Replays
Match Explorer
How It Works
Community
CoH3 Stats
Reddit
Sign in to upload your games and track your stats! →
Sign in with Steam
Match 46942222
Unlisted
Match 46942222
Overview
Messages
Build Orders
End
Pioneer Squad
Construct Infanterie Kompanie
Selects Mechanized Battlegroup
Grenadier Squad
Grenadier Squad
Grenadier Squad
Infanterie Officer Quarters
MG 42 Machine Gun Team
Construct Panzergrenadier Kompanie
Pak 40 Anti-tank Gun Team
Selects Raid Package
Panzergrenadier Squad
Selects StuG Assault Group
StuG Assault Group
Pioneer Squad
Construct Panzer Kompanie
Selects UNKNOWN (2160084)
Selects Mobile Repair Stations
Selects Spotting Scopes
Selects Stoßtruppen Assault Package
Panther Heavy Tank
Panzer Officer Quarters
Repair Bunker
Panther Heavy Tank
Selects Zeroing Artillery Barrage
Side Skirts
Zeroing Artillery Barrage
Angrybirds
Xufe
braindamage
Ellie
0
0
Comments
sign in to comment!
No comments posted yet!